 Dungeon Crawl Stone Soup version 0.25-a0-510-ge065f6de7d (console) character file.

Game seed: 837060830012350082, levelgen mode: deterministic

155 surprisetrex the Firebug (level 5, -1/42 HPs)
             Began as a Hill Orc Fire Elementalist on Feb 15, 2020.
             Succumbed to a scorpion's poison
             ... on level 3 of the Dungeon.
             The game lasted 00:17:39 (3660 turns).

surprisetrex the Firebug (HOFE)                     Turns: 3660, Time: 00:17:40

Health: -1/42      AC:  4    Str: 11    XL:     5   Next: 37%
Magic:  4/7        EV: 17    Int: 16    God:
Gold:   140        SH:  0    Dex: 16    Spells: 2/7 levels left

rFire    . . .     SeeInvis .   a - +0 war axe
rCold    . . .     Gourm    .   (no shield)
rNeg     . . .     Faith    .   h - +0 robe
rPois    .         Spirit   .   u - +0 helmet
rElec    .         Reflect  .   (no cloak)
rCorr    .         Harm     .   (no gloves)
MR       .....                  w - +0 pair of boots
Stlth    +++.......             (no amulet)
HPRegen  0.14/turn              (no ring)
MPRegen  0.10/turn              (no ring)

@: agile, lethally poisoned (-1 -> -19), very slightly contaminated, invisible
A: no striking features
a: no special abilities


You were on level 3 of the Dungeon.
You were very hungry.

You visited 1 branch of the dungeon, and saw 4 of its levels.

You collected 140 gold pieces.

Inventory:

Hand Weapons
 a - a +0 war axe (weapon)
 b - a +0 hunting sling
 t - a +0 whip
Missiles
 j - 20 poisoned darts (quivered)
 o - 85 stones
Armour
 h - a +0 robe (worn)
 q - a +0 cloak
 u - a +0 helmet (worn)
 w - a +0 pair of boots (worn)
 x - a scarf of spirit shield
Magical Staves
 s - an uncursed staff of wizardry
Scrolls
 e - a scroll of immolation {unknown}
 f - 2 scrolls of fog {unknown}
 g - a scroll of magic mapping {unknown}
 k - 4 scrolls of identify
 l - 3 scrolls of teleportation {unknown}
 m - 2 scrolls of blinking {unknown}
 p - a scroll of random uselessness {unknown}
Potions
 d - a potion of flight
 i - a potion of magic
Comestibles
 c - 4 rations


   Skills:
 + Level 2.4 Fighting
 + Level 2.6 Axes
 - Level 1.5 Dodging
 - Level 1.5 Stealth
 - Level 1.5 Spellcasting
 - Level 3.3 Conjurations
 - Level 4.0 Fire Magic


You had 2 spell levels left.
You knew the following spells:

 Your Spells              Type           Power        Failure   Level  Hunger
a - Foxfire               Conj/Fire      ##..         4%          1    ##.....
b - Sticky Flame          Conj/Fire      ##......     43%         4    #####..

Your spell library contained the following spells:

 Spells                   Type           Power        Failure   Level  Hunger
 Conjure Flame            Conj/Fire      ##......     14%         3    ####...
 Inner Flame              Hex/Fire       #.......     28%         3    ####...
 Fireball                 Conj/Fire      ##........   80%         5    ######.


Dungeon Overview and Level Annotations

Branches:
Dungeon (4/15)
 Temple: D:4-7

Altars:


Message History

The scorpion is lightly wounded.
The scorpion stings you!
* * * LOW HITPOINT WARNING * * *
You are more poisoned.
The scorpion poisons you!
It was a potion of invisibility.
You fade into invisibility!
* * * LOW HITPOINT WARNING * * *
You feel sick.
The foxfire hits the scorpion but does no damage.
The scorpion is lightly wounded.
The foxfire hits the scorpion.
The scorpion is moderately wounded.
The scorpion stings you!
* * * LOW HITPOINT WARNING * * *
You are very lightly contaminated with residual magic.
It was a potion of agility.
You feel agile all of a sudden.
You are feeling very hungry.
You die...

♣♣≈≈≈≈≈P≈P♣...##.#♣♣≈≈P≈≈P≈≈♣P...
♣♣♣♣≈≈≈≈≈≈.........≈♣P≈PP≈≈≈♣≈...
.♣♣♣≈P≈≈♣....[.....♣≈P≈≈≈≈♣≈P♣...
...♣♣♣≈P............≈≈≈≈≈P≈♣.....
....♣♣♣...............♣≈♣≈≈......
....# ####...........##♣≈P.......
....# #...........# ###.......
....# #.....§.....# #.......
....# #......@....# #.......
##### #.....s.§...# ########
#...........# #############


You could see a scorpion.

Vanquished Creatures
  A hound (D:3)
  A worker ant (D:3)
  2 adders
  A dart slug (D:1)
  3 leopard geckos
  5 orcs
  A giant cockroach (D:2)
  11 hobgoblins
  8 jackals
  A ball python (D:3)
  10 bats
  3 frilled lizards (D:1)
  9 goblins
  6 kobolds
  9 rats
71 creatures vanquished.

Vanquished Creatures (others)
  92 foxfires
92 creatures vanquished.

Grand Total: 163 creatures vanquished

Notes
Turn   | Place    | Note
-------+----------+-------------------------------------------
     0 | D:1      | surprisetrex the Hill Orc Fire Elementalist began the quest
                  | for the Orb.
     0 | D:1      | Reached XP level 1. HP: 14/14 MP: 3/3
   312 | D:1      | Reached XP level 2. HP: 14/20 MP: 0/4
   339 | D:1      | Reached skill level 4 in Fire Magic
   921 | D:1      | Reached XP level 3. HP: 26/26 MP: 5/5
  1857 | D:3      | Reached XP level 4. HP: 33/33 MP: 6/6
  1937 | D:3      | Learned a level 4 spell: Sticky Flame
  2198 | D:3      | Reached skill level 1 in Fighting
  2198 | D:3      | Reached skill level 1 in Axes
  2487 | D:3      | Reached XP level 5. HP: 41/41 MP: 7/7
  3659 | D:3      | HP: 1/42 [scorpion (9)]
  3660 | D:3      | Succumbed to a scorpion's poison

Levels and vault maps discovered:
D:1:      dpeg_arrival_tiny_f, layout_basic, serial_bayou_pond_b,
          hex_intersection, dk_noncrumbling_2
D:2:      layout_basic, minmay_misc_feat_diagonals
D:3:      lemuel_upstairs_altar, layout_basic, serial_bayou,
          serial_bayou_lagoon_b, serial_bayou_lake_a, serial_bayou_shore_a,
          serial_bayou_shore_b, minmay_diced_spiral
D:4:      layout_rooms, first_ration

Skill      XL: |  1  2  3  4  5 |
---------------+----------------+-----
Fire Magic     | 4 |  4.0
Conjurations   | 2 3 |  3.3
Fighting       | 1 2 |  2.4
Axes           | 2 |  2.6
Dodging        | |  1.5
Stealth        | |  1.5
Spellcasting   | |  1.5

Action                   |  1- 3 |  4- 6 || total
-------------------------+-------+-------++-------
Melee: Unarmed           |     6 |       ||     6
       Whip              |    31 |       ||    31
       War axe           |       |    38 ||    38
 Fire: Hunting sling     |    23 |    55 ||    78
Throw: Dart              |     6 |       ||     6
 Cast: Foxfire           |    32 |    24 ||    56
  Use: Scroll            |     4 |       ||     4
       Potion            |     3 |     3 ||     6
 Stab: Sleeping          |     2 |       ||     2
  Eat: Chunk             |     4 |     5 ||     9
Armor: Robe              |     8 |    23 ||    31
Dodge: Dodged            |    33 |    63 ||    96

Table legend:
 A = Non-vault XP
 B = Vault XP
 C = Vault XP percentage of total XP
 D = Non-vault monster count
 E = Vault monster count
 F = Vault count percentage of total count
                 A         B        C        D         E       F
            +---------+---------+-------+---------+---------+-------
      Total |     206 |      16 |   7.2 |      62 |       9 |  12.7
            +---------+---------+-------+---------+---------+-------
        D:1 |      33 |       4 |  10.8 |      19 |       3 |  13.6
        D:2 |      41 |       0 |   0.0 |      19 |       0 |   0.0
        D:3 |     129 |      12 |   8.5 |      23 |       6 |  20.7
        D:4 |       3 |       0 |   0.0 |       1 |       0 |   0.0
            +---------+---------+-------+---------+---------+-------
